 Dungeon Crawl Stone Soup version 0.30-a0-626-gd6a5dd7a1f (webtiles) character file.

Game seed: 10388181274790370722

382 bande the Chopper (level 6, -2/39 HPs)
             Began as a Gargoyle Fighter on Jan 12, 2023.
             Killed from afar by Ijyb (11 damage)
             ... with a bolt of acid
             ... on level 4 of the Dungeon.
             The game lasted 00:04:28 (2629 turns).

bande the Chopper (Gargoyle Fighter)                Turns: 2629, Time: 00:04:29

Health: -2/39      AC:  3    Str: 20    XL:     6   Next: 76%
Magic:  6/6        EV:  9    Int:  8    God:
Gold:   195        SH:  4    Dex: 11    Spells: 5/5 levels left

rFire   + . .      SeeInvis .    a - +0 war axe
rCold   . . .      Faith    .    c - +0 buckler
rNeg    + . .      Spirit   .    b - +0 scale mail
rPois   ∞          Reflect  .    (no helmet)
rElec   +          Harm     .    e - +0 cloak
rCorr   .          Rampage  .    j - +1 pair of gloves
Will    .....                    (no boots) Stlth
                                 (no amulet)
HPRegen 0.26/turn                g - ring of protection from fire
MPRegen 0.10/turn                (no ring)

@: corroded
A: sickness immunity, AC +4, negative energy resistance 1, electricity
resistance, torment resistance 1, petrification resistance
a: no special abilities


You were on level 4 of the Dungeon.
You visited 1 branch of the dungeon, and saw 5 of its levels.

You collected 195 gold pieces.

Inventory:

Hand Weapons
 a - a +0 war axe (weapon)
 l - a +0 flail
Armour
 b - a +0 scale mail (worn)
 c - a +0 buckler (worn)
 e - a +0 cloak (worn)
 j - a +1 pair of gloves (worn)
Jewellery
 g - a ring of protection from fire (left hand)
Scrolls
 f - 3 scrolls of teleportation
 k - a scroll of enchant armour
 m - a scroll of fog
 o - 3 scrolls of amnesia
Potions
 d - a potion of might
 h - a potion of attraction
 i - a potion of magic
 n - a potion of curing {unknown}
 p - a potion of lignification {unknown}
 q - a potion of ambrosia {unknown}
 r - a potion of degeneration {unknown}


   Skills:
 + Level 4.4 Fighting
 + Level 4.8 Axes
 + Level 4.5 Armour
 + Level 4.0 Shields


You had 5 spell levels left.
You didn't know any spells.
Your spell library contained the following spells:

 Spells                   Type           Power      Damage    Failure   Level
 Summon Small Mammal      Summ           0%         N/A       83%         1
 Call Canine Familiar     Summ           0%         N/A       99%         3
 Summon Guardian Golem    Hex/Summ       0%         N/A       99%         3


Dungeon Overview and Level Annotations

Branches:
Dungeon (5/15)
 Temple: D:4-7

Altars:

Annotations:
D:4 Ijyb


Innate Abilities, Weirdness & Mutations

You are immune to sickness and miasma.
Your stone body is resilient. (AC +4)
You are immune to poison.
You resist negative energy. (rN+)
You are resistant to electric shocks. (rElec)
You are resistant to unholy torment.
You are immune to petrification.


Message History

Ijyb barely misses you.
Ijyb hits you with a +1 dagger of electrocution.
You are too injured to fight recklessly!
You are too injured to fight recklessly!
You are too injured to fight recklessly!
You are too injured to fight recklessly!
You are too injured to fight recklessly!
You are too injured to fight recklessly!
You are too injured to fight recklessly!
You are too injured to fight recklessly!
You are too injured to fight recklessly!
You are too injured to fight recklessly!
You are too injured to fight recklessly!
You are too injured to fight recklessly!
You are too injured to fight recklessly!
You hit Ijyb but do no damage.
Ijyb is heavily wounded.
Ijyb hits you but does no damage.
You hit Ijyb but do no damage.
Ijyb is heavily wounded.
Ijyb hits you but does no damage.
You hit Ijyb but do no damage.
Ijyb is heavily wounded.
Ijyb barely misses you. Ijyb hits you but does no damage.
You hit Ijyb.
Ijyb is almost dead.
Ijyb barely misses you.
You closely miss Ijyb.
Ijyb is almost dead.
Ijyb hits you but does no damage.
You hit Ijyb.
Ijyb is almost dead.
You block Ijyb's attack.
Ijyb zaps a wand.
The bolt of acid hits you!
* * * LOW HITPOINT WARNING * * *
The acid corrodes you!
You completely miss Ijyb.
Ijyb is almost dead.
Ijyb screams, "It's all mine!"
Ijyb zaps a wand.
The bolt of acid hits you!
You die...

......###.....#
........#.....#
........#...###
)...)...#...##
)##..........##
..###.........## ##
.).............##.###
................#g..#
.......##.......@...#
.......##.##..<.!...#
.#####........####.##
## ....##.### ## .#
....#.. ## ....## .#
..(... ## ...... .#


You could see Ijyb.

Vanquished Creatures
  A black bear (D:4)
  A centaur (D:4)
  3 orc wizards
  An adder (D:4)
  3 gnolls (D:4)
  6 dart slugs
  5 orcs
  4 bats
  11 endoplasms
  3 giant cockroaches
  4 goblins
  7 hobgoblins
  8 jackals
  5 quokkas
  4 ball pythons
  5 frilled lizards
  3 kobolds
  3 rats
77 creatures vanquished.

Notes
Turn   | Place    | Note
-------+----------+-------------------------------------------
     0 | D:1      | bande the Gargoyle Fighter began the quest for the Orb.
     0 | D:1      | Reached XP level 1. HP: 14/14 MP: 1/1
    41 | D:1      | Reached XP level 2. HP: 19/19 MP: 2/2
   431 | D:2      | Reached XP level 3. HP: 24/24 MP: 3/3
   926 | D:3      | Reached XP level 4. HP: 23/29 MP: 4/4
  1656 | D:4      | Noticed a centaur
  1667 | D:4      | Killed a centaur
  1668 | D:4      | Reached XP level 5. HP: 26/33 MP: 5/5
  1708 | D:4      | Noticed a black bear
  1719 | D:4      | Killed a black bear
  1720 | D:4      | Reached XP level 6. HP: 4/38 MP: 6/6
  1976 | D:5      | Entered Level 5 of the Dungeon
  2610 | D:4      | Noticed Ijyb
  2629 | D:4      | Killed from afar by Ijyb

Illustrated notes

Levels and vault maps discovered:
D:1:      nzn_arrival_water_spiral, layout_rooms, grunt_decor_resistance
D:2:      layout_rooms, dreamdust_princess_bridge
D:3:      layout_basic
D:4:      layout_cave_pools, uniq_ijyb
D:5:      layout_rooms, serial_shops, shop

Skill      XL: |  1  2  3  4  5  6 |
---------------+-------------------+-----
Axes           | 2 4 |  4.8
Fighting       | 4 |  4.4
Armour         | 4 |  4.5
Shields        | 4 |  4.0

Action                   |  1- 3 |  4- 6 || total
-------------------------+-------+-------++-------
Melee: War axe           |    99 |   150 ||   249
  Use: Scroll            |     5 |     5 ||    10
Armor: Scale mail        |    64 |   123 ||   187
Dodge: Dodged            |    55 |    71 ||   126
Block: Buckler           |    29 |    42 ||    71

Table legend: (Time is in decaauts)
 A = Elapsed time spent in this place.
 B = Non-inter-level travel time spent in this place.
 C = Inter-level travel time spent in this place.
 D = Time resting spent in this place.
 E = Time spent auto-exploring this place.
 F = Levels seen in this place.
 G = Mean time per level.
                   A        B        C        D        E       F      G
               +--------+--------+--------+--------+--------+-----+--------+
         Total |   2721 |   2661 |     60 |    598 |   1428 |   5 |  544.2 |
       Dungeon |   2721 |   2661 |     60 |    598 |   1428 |   5 |  544.2 |
               +--------+--------+--------+--------+--------+-----+--------+

Top non-repeatable levels by time:
     D:3: 860 daAuts
     D:4: 802 daAuts
     D:1: 436 daAuts
     D:2: 416 daAuts
     D:5: 205 daAuts
